 Dungeon Crawl Stone Soup version 0.28.0-45-g0d030f2227 (webtiles) character file.

Game seed: 2180808450574029293

17 NinjaNoafa the Vexing (level 2, -1/27 HPs)
             Began as an Ogre Arcane Marksman on Apr 3, 2022.
             Slain by a jackal (2 damage)
             ... on level 1 of the Dungeon.
             The game lasted 00:05:55 (611 turns).

NinjaNoafa the Vexing (Ogre Arcane Marksman)         Turns: 611, Time: 00:05:56

Health: -1/27      AC:  3    Str: 13    XL:     2   Next: 62%
Magic:  3/3        EV:  9    Int: 14    God:
Gold:   16         SH:  0    Dex:  9    Spells: 2/3 levels left

rFire   . . .      SeeInvis .   e - staff of conjuration
rCold   . . .      Faith    .   (no shield)
rNeg    . . .      Spirit   .   a - +0 robe
rPois   .          Reflect  .   (helmet restricted)
rElec   .          Harm     .   (no cloak)
rCorr   .          Rampage  .   (gloves unavailable)
Will    .....                   (boots unavailable)
Stlth   +.........              (no amulet)
HPRegen 0.09/turn               (no ring)
MPRegen 0.08/turn               (no ring)

@: no status effects
A: large, unfitting armour, tough skin 1
a: no special abilities


You were on level 1 of the Dungeon.
You visited 1 branch of the dungeon, and saw 1 of its levels.

You collected 16 gold pieces.

Inventory:

Hand Weapons
 d - a +0 dagger
Missiles
 b - 2 large rocks (quivered)
Armour
 a - a +0 robe (worn)
Magical Staves
 e - a staff of conjuration (weapon)


   Skills:
 - Level 1.5 Fighting
 + Level 0.4 Staves
 - Level 2.1 Throwing
 - Level 1.9 Dodging
 - Level 1.3 Spellcasting
 * Level 0.6 Conjurations
 - Level 2.8 Hexes
 * Level 0.5 Evocations


You had 2 spell levels left.
You knew the following spells:

 Your Spells              Type           Power      Damage    Failure   Level
a - Slow                  Hex            32%        N/A       9%          1

Your spell library contained the following spells:

 Spells                   Type           Power      Damage    Failure   Level
 Inner Flame              Hex/Fire       4%         N/A       41%         3
 Portal Projectile        Hex/Tloc       8%         N/A       41%         3
 Cause Fear               Hex            4%         N/A       63%         4


Dungeon Overview and Level Annotations

Branches:
Dungeon (1/15)

Altars:


Innate Abilities, Weirdness & Mutations

You are too large for most types of armour.
You have tough skin. (AC +1)


Message History

The jackal barely misses you.
You see here a large rock.
b - 2 large rocks (gained 1)
The jackal completely misses you.
Items here: ( ) ††.
b - 4 large rocks (gained 2)
The jackal barely misses you. x2
Throw: 4 large rocks
Press: ? - help, Q - select action, (/) - cycle Shift-Dir - straight line, f/p - jackal
Aim: a jackal (45% to hit)
You throw a large rock.
The large rock barely misses the jackal.
The large rock hits the jackal.
The jackal is moderately wounded.
The jackal bites you.
* * * LOW HITPOINT WARNING * * *
The jackal bites you.
* * * LOW HITPOINT WARNING * * *
The jackal bites you but does no damage.
Throw: 3 large rocks
Press: ? - help, Q - select action, (/) - cycle Shift-Dir - straight line, f/p - jackal
Aim: a jackal (moderately wounded, 45% to hit)
You throw a large rock.
The large rock closely misses the jackal.
The large rock hits the jackal!
You kill the jackal!
The jackal barely misses you. The jackal bites you.
* * * LOW HITPOINT WARNING * * *
You closely miss the jackal.
The jackal is almost dead.
The jackal bites you but does no damage. x2
You hit the jackal but do no damage.
The jackal is almost dead.
The jackal completely misses you.
You closely miss the jackal.
The jackal is almost dead.
The jackal bites you.
* * * LOW HITPOINT WARNING * * *
The jackal bites you.
You die...

##.# #.## ## #... ...#
#. ..# #..# ## ##.###.#
##..#
..###...##(#######...##
......#...............#
#.#
#.†.##...........###
#.#
##.###..#######..... #.
#.# #.@hh...........###
#.##
#.####†###..#######..#
##...###......###..#
#h.#
......#............#
#..#
......#†###.#####.##
#... #.....#.##...##
#.# #.#.#
#...#......... #.#
#...# .#
#.......#...##.#.. ....
.# #.###..###.## #


You could see 2 jackals.

Vanquished Creatures
  3 ball pythons (D:1)
  3 giant cockroaches (D:1)
  A hobgoblin (D:1)
  2 jackals (D:1)
  A quokka (D:1)
  A bat (D:1)
  2 frilled lizards (D:1)
  A kobold (D:1)
  2 rats (D:1)
16 creatures vanquished.

Notes
Turn   | Place    | Note
-------+----------+-------------------------------------------
     0 | D:1      | NinjaNoafa the Ogre Arcane Marksman began the quest for the
                  | Orb.
     0 | D:1      | Reached XP level 1. HP: 19/19 MP: 2/2
   481 | D:1      | Reached XP level 2. HP: 21/27 MP: 3/3
   611 | D:1      | HP: 1/27 [jackal (1)]
   611 | D:1      | Slain by a jackal

Illustrated notes

Levels and vault maps discovered:
D:1:      eino_arrival_cavern_d, layout_loops_ring

Action                   || total
-------------------------++-------
Melee: Unarmed           ||    28
       Staff             ||    31
Throw: Large rock        ||    21
       Throwing net      ||     2
 Cast: Slow              ||     2
Armor: Robe              ||    46
Dodge: Dodged            ||    63
